 Dungeon Crawl Stone Soup version 0.18-a0-1203-gbde16db (webtiles) character file.

37 Duffy the Chopper (level 3, -7/31 HPs)
             Began as a Minotaur Fighter on Jan 31, 2016.
             Mangled by Sigmund
             ... wielding a +1 scythe of flaming
              (8 damage)
             ... on level 2 of the Dungeon.
             The game lasted 00:00:50 (813 turns).

Duffy the Chopper (Minotaur Fighter)                 Turns: 813, Time: 00:00:50

Health: -7/31      AC:  6    Str: 21    XL:     3   Next: 23%
Magic:  2/2        EV:  7    Int:  5    God:
Gold:   27         SH:  9    Dex:  9    Spells: 0 memorised, 2 levels left

rFire  . . .     SeeInvis .     a - +0 war axe
rCold  . . .     Gourm    .     b - +0 scale mail
rNeg   . . .     Faith    .     c - +0 shield
rPois  +         Spirit   .     (helmet restricted)
rElec  .         Dismiss  .     (no cloak)
rCorr  .         Reflect  .     (no gloves)
SustAt .         Harm     .     (no boots)
MR     .....                    (no amulet)
Stlth  ..........               (no ring)
                                j - ring of poison resistance

@: not resistant to hostile enchantments, extremely unstealthy
A: retaliatory headbutt, horns 2
a: no special abilities


You were on level 2 of the Dungeon.
You were not hungry.

You visited 1 branch of the dungeon, and saw 2 of its levels.

You collected 27 gold pieces.


Innate Abilities, Weirdness & Mutations

You reflexively headbutt those who attack you in melee.
You have a pair of horns on your head.


   Skills:
 - Level 3.6 Fighting
 + Level 4.4 Axes
 - Level 3.6 Armour
 - Level 3.6 Shields


You had 2 spell levels left.
You didn't know any spells.

Inventory:

Hand Weapons
 a - a +0 war axe (weapon)
Missiles
 q - 3 curare-tipped needles
Armour
 b - a +0 scale mail (worn)
 c - a +0 shield (worn)
Jewellery
 j - a ring of poison resistance (left hand)
Scrolls
 e - a scroll of random uselessness {unknown}
 g - a scroll of teleportation {unknown}
 k - a scroll of blinking {unknown}
 l - 2 scrolls of identify {unknown}
 s - a scroll of recharging {unknown}
Potions
 d - a potion of might
 h - a potion of curing {unknown}
 i - 3 potions of resistance {unknown}
 m - a potion of cure mutation {unknown}
 n - a potion of mutation {unknown}
 p - a potion of brilliance {unknown}
 r - a potion of haste {unknown}
Comestibles
 f - 2 bread rations
 o - 2 beef jerkies

Dungeon Overview and Level Annotations

Branches:
Dungeon (2/15)

Altars:

Annotations:
D:2 Sigmund


Message History

No target in view!
No target in view!
No target in view!
Sigmund the Dreaded comes into view.
He is wielding a scythe of flaming.
Sigmund shouts!
Sigmund gestures wildly while chanting.
Sigmund flickers and vanishes!
Deactivating autopickup; reactivate with Ctrl-A.
Something tries to affect you, but you resist.
You are confused.
You bump into the rock wall.
You bump into the rock wall.
Something hits you. Something burns you.
You're too confused to move!
You feel less confused. Something hits you but does no damage.
You barely miss something. Something hits you. Something burns you.
Your shield prevents you from hitting something.
Something hits you. Something burns you.
You miss something. You headbutt something.
Something hits you but does no damage.
You barely miss something. Your headbutt misses something.
Something hits you but does no damage.
You hit something. Your headbutt misses something.
Something completely misses you.
You hit something. Your headbutt misses something.
You hit something but do no damage. Something hits you but does no damage.
You hit something but do no damage. You block something's attack.
You barely miss something. Your headbutt misses something.
You block something's attack.
Your shield and scale mail prevent you from hitting something.
Something hits you! Something burns you.
You miss something. Something hits you. Something burns you.
You closely miss something. You block something's attack.
You closely miss something. You headbutt something! Something hits you!
You die...

##################
#................#
..............>#.#
#.############.#.#
#.# #....(#.#.#
#.######.....#.#@#
.............+.#{#
#.######..%..#.#.#
#.# #.....#.#.#
#.#
#####...#.#.###
#.#
#.....#.#+#....
#.# #.###........#
#.# #.# #........#
#.# #.###........#


There were no monsters in sight!

Action                   || total
-------------------------++-------
Melee: War axe           ||    70

Notes
Turn   | Place    | Note
--------------------------------------------------------------
     0 | D:1      | Duffy the Minotaur Fighter began the quest for the Orb.
     0 | D:1      | Reached XP level 1. HP: 19/19 MP: 0/0
   132 | D:1      | Reached skill level 3 in Axes
   184 | D:1      | Reached XP level 2. HP: 26/26 MP: 1/1
   556 | D:1      | Reached skill level 4 in Axes
   617 | D:2      | Reached XP level 3. HP: 28/31 MP: 2/2
   793 | D:2      | Noticed Sigmund
   813 | D:2      | Mangled by Sigmund

Vault maps used:
D:1:      dpeg_arrival_rooms_c
D:2:      grunt_temple_overflow_forces_of_nature, minivault_4, uniq_natasha,
          uniq_iyjb, uniq_sigmund

Vanquished Creatures
  An adder
  A worm
  4 goblins
  6 hobgoblins
  A kobold
  3 bats
  2 giant newts
  6 rats
24 creatures vanquished.
